 Dungeon Crawl Stone Soup version 0.23-a0-860-g8ff03fb (webtiles) character file.

226 Mgcat the Digger (level 6, -8/41 HPs)
             Began as a Formicid Earth Elementalist on Jan 27, 2019.
             Was a Follower of Makhleb.
             Killed by divine providence
             ... invoked by an orc priest
              (9 damage)
             ... on level 4 of the Dungeon.
             The game lasted 00:07:25 (3855 turns).

Mgcat the Digger (Formicid Earth Elementalist)      Turns: 3855, Time: 00:07:26

Health: -8/41      AC:  2    Str: 13    XL:     6   Next: 22%
Magic:  11/11      EV: 12    Int: 16    God:    Makhleb [*.....]
Gold:   154        SH:  0    Dex: 11    Spells: 6/12 levels left

rFire    . . .     SeeInvis +   o - +1 dagger (venom)
rCold    . . .     Gourm    .   (no shield)
rNeg     . . .     Faith    .   c - +0 robe
rPois    .         Spirit   .   (helmet unavailable)
rElec    .         Reflect  .   (no cloak)
rCorr    .         Harm     .   (no gloves)
MR       +....                  (no boots)
Stlth    ++........             (no amulet)
HPRegen  0.13/turn              a - ring of protection from magic {MR+, !d}
MPRegen  0.12/turn              (no ring)

@: no status effects
A: permanent stasis, dig shafts and tunnels, four strong arms, antennae 3
a: Dig, Shaft Self, Renounce Religion


You were on level 4 of the Dungeon.
You worshipped Makhleb.
Makhleb was aware of your devotion.
You were hungry.

You visited 1 branch of the dungeon, and saw 4 of its levels.

You collected 154 gold pieces.

Inventory:

Hand Weapons
 o - a +1 dagger of venom (weapon)
   (You found it on level 2 of the Dungeon)
Missiles
 b - 106 stones (quivered)
Armour
 c - a +0 robe (worn)
Jewellery
 a - a ring of protection from magic (left hand) {MR+, !d}
   (You took it off a kobold on level 3 of the Dungeon)
Wands
 l - a wand of flame (13)
   (You found it on level 2 of the Dungeon)
Scrolls
 e - a scroll of remove curse
 h - 3 scrolls of identify
Potions
 g - a potion of lignification {unknown}
 j - a potion of heal wounds
Comestibles
 d - 5 rations
 f - 3 chunks of flesh {@w0}


   Skills:
 - Level 1.7 Dodging
 - Level 2.4 Stealth
 + Level 3.8 Spellcasting
 + Level 1.8 Conjurations
 + Level 2.6 Transmutations
 + Level 5.4 Earth Magic


You had 6 spell levels left.
You knew the following spells:

 Your Spells              Type           Power        Failure   Level  Hunger
a - Sandblast             Erth           ###...       1%          1    None
b - Passwall              Tmut/Erth      ###.....     4%          2    ##.....
c - Stone Arrow           Conj/Erth      ##....       12%         3    ###....

Your spell library contained the following spells:

 Spells                   Type           Power        Failure   Level  Hunger
 Petrify                  Tmut/Erth      ###.....     32%         4    ####...
 Lee's Rapid Deconstruct  Erth           ###.......   45%         5    ######.


Dungeon Overview and Level Annotations

Branches:
Dungeon (4/15)
 Temple: D:4-7

Altars:
Makhleb


Innate Abilities, Weirdness & Mutations

You cannot be hasted, slowed, berserked, paralysed or teleported.
You can dig through walls and to a lower floor.
Your four strong arms can wield two-handed weapons with a shield.
You have a pair of large antennae on your head. (SInv)


Message History

You take 1 damage, and have 40/41 hp.
The orc shouts!
You hit the orc.
The orc is poisoned.
The orc is lightly wounded.
The orc hits you with a +0 falchion.
You take 3 damage, and have 37/41 hp.
Spoiler Alert: The orc priest can smite you!
You hit the orc but do no damage.
The orc looks as sick as possible!
The orc is lightly wounded.
You kill the orc!
Makhleb accepts your kill.
Things that are here:
a +0 falchion; a +0 leather armour; an orc corpse Spoiler Alert: The orc priest can smite you!
You hit the orc.
The orc is poisoned.
The orc is lightly wounded.
The orc closely misses you.
You closely miss the orc.
The orc is lightly wounded.
The orc hits you but does no damage.
The orc priest calls down the wrath of Beogh upon you.
Beogh smites you!
You take 13 damage, and have 24/41 hp.
MASSIVE DAMAGE!!
Warning x2: The orc priest can smite you! x2
You are too injured to fight recklessly!
You are too injured to fight recklessly!
You hit the orc.
The orc looks as sick as possible!
The orc is severely wounded.
You kill the orc!
Makhleb accepts your kill.
Spoiler Alert: The orc priest can smite you!
You are feeling hungry.
You hit the orc.
The orc is poisoned.
The orc is heavily wounded.
The orc priest begins to cast a cantrip, but forgets the words!
The orc hits you with a +0 hand axe!
You take 7 damage, and have 17/41 hp.
Warning x2: The orc priest can smite you! x2
You barely miss the orc.
The orc is heavily wounded.
The orc hits you with a +0 hand axe.
You take 3 damage, and have 14/41 hp.
You closely miss the orc.
The orc is heavily wounded.
The orc priest barely misses you. The orc hits you with a +0 hand axe.
* * * LOW HITPOINT WARNING * * *
You take 4 damage, and have 10/41 hp.
Warning x2: The orc priest can smite you! x2
You hit the orc priest.
The orc priest is poisoned.
The orc priest is lightly wounded.
The orc priest looks encouraged for a moment.
The orc priest closely misses you.
You barely miss the orc priest.
The orc priest is moderately wounded.
The orc hits you with a +0 hand axe.
* * * LOW HITPOINT WARNING * * *
The orc priest hits you but does no damage.
You take 5 damage, and have 5/41 hp.
Warning x2: The orc priest can smite you! x2
You hit the orc priest but do no damage.
The orc priest looks as sick as possible!
The orc priest is heavily wounded.
The orc barely misses you.
The orc priest hits you with a +0 flail.
* * * LOW HITPOINT WARNING * * *
You take 2 damage, and have 3/41 hp.
Warning x2: The orc priest can smite you! x2
You hit the orc priest but do no damage.
The orc priest looks as sick as possible!
The orc priest is severely wounded.
The orc barely misses you.
The orc priest hits you with a +0 flail.
* * * LOW HITPOINT WARNING * * *
You take 2 damage, and have 1/41 hp.
Warning x2: The orc priest can smite you! x2
You barely miss the orc priest.
The orc priest is severely wounded.
The orc barely misses you.
You hit the orc priest but do no damage.
The orc priest is almost dead.
You kill the orc priest!
Makhleb accepts your kill.
You kill the orc!
Makhleb accepts your kill.
You can now gain health from killing.
Spoiler Alert: The orc priest can smite you!
You barely miss the orc. The orc misses you.
You hit the orc.
The orc is poisoned.
The orc is heavily wounded.
The orc priest looks satisfied for a moment.
The orc closely misses you.
You hit the orc but do no damage.
The orc is heavily wounded.
The orc closely misses you.
Spoiler Alert: The orc priest can smite you!
You hit the orc.
You kill the orc!
Makhleb accepts your kill.
The orc priest mumbles some strange prayers to Beogh against you.
Beogh smites you!
You die...

...# ...# { ..# {
..# #.# # #.#
.##.#.#(#########
.......<.)@)o...#
..#.#.#.#####.###
...... #!#.#.##
.....#.# .....
..# ..### #.# #.#


You could see an orc priest.

Vanquished Creatures
  A crimson imp (D:2)
  An orc priest (D:4)
  A worker ant (D:2)
  3 adders
  2 worms (D:2)
  2 dart slugs
  3 leopard geckos
  10 orcs
  A ball python (D:3)
  4 bats
  3 giant cockroaches
  12 goblins
  9 hobgoblins
  6 jackals
  11 kobolds
  4 quokkas
  A frilled lizard (D:3)
  12 rats
86 creatures vanquished.

Notes
Turn   | Place    | Note
-------+----------+-------------------------------------------
     0 | D:1      | Mgcat the Formicid Earth Elementalist began the quest for
                  | the Orb.
     0 | D:1      | Reached XP level 1. HP: 13/13 MP: 3/3
   125 | D:1      | Reached XP level 2. HP: 17/19 MP: 5/5
   210 | D:1      | Reached skill level 4 in Earth Magic
   478 | D:1      | Reached XP level 3. HP: 11/24 MP: 5/7
   888 | D:1      | Reached skill level 3 in Spellcasting
  1361 | D:2      | Learned a level 2 spell: Passwall
  1365 | D:2      | Learned a level 3 spell: Stone Arrow
  1499 | D:2      | Reached XP level 4. HP: 22/30 MP: 8/8
  1506 | D:2      | HP: 3/30 [worm (6)]
  2257 | D:2      | Found a burning altar of Makhleb.
  2280 | D:2      | HP: 6/30 [crimson imp (3)]
  2282 | D:2      | Reached skill level 1 in Conjurations
  2282 | D:2      | Reached skill level 5 in Earth Magic
  2282 | D:2      | Reached XP level 5. HP: 8/35 MP: 3/10
  2503 | D:2      | Became a worshipper of Makhleb the Destroyer
  2608 | D:2      | Reached skill level 2 in Transmutations
  3689 | D:3      | Reached XP level 6. HP: 41/41 MP: 11/11
  3845 | D:4      | HP: 10/41 [orc/+0 hand axe (4)]
  3848 | D:4      | HP: 3/41 [orc priest/+0 flail (2)]
  3849 | D:4      | HP: 1/41 [orc priest/+0 flail (3)]
  3851 | D:4      | Reached * piety under Makhleb
  3855 | D:4      | Killed from afar by an orc priest

Vault maps used:
D:1:      mrwooster_arrival_statue_2
D:2:      makhleb_grotto_becter, dk_noncrumbling_4, eino_tiny_chamber,
          kennysheep_generic_room_4
D:3:      first_ration
D:4:      uniq_sigmund

Skill      XL: |  1  2  3  4  5 |
---------------+----------------+-----
Earth Magic    | 4 5 |  5.4
Spellcasting   | 3 |  3.8
Conjurations   | 1 |  1.8
Transmutations | 2 |  2.6
Dodging        | |  1.7
Stealth        | |  2.4

Action                   |  1- 3 |  4- 6 || total
-------------------------+-------+-------++-------
Melee: Short sword       |   139 |    83 ||   222
       Dagger            |       |    63 ||    63
 Cast: Sandblast         |    10 |    11 ||    21
       Stone Arrow       |     1 |    13 ||    14
  Use: Scroll            |       |     8 ||     8
 Stab: Sleeping          |       |     4 ||     4
  Eat: Chunk             |     2 |     9 ||    11
Armor: Robe              |    21 |    23 ||    44
Dodge: Dodged            |   105 |    94 ||   199

Table legend:
 A = Non-vault XP
 B = Vault XP
 C = Vault XP percentage of total XP
 D = Non-vault monster count
 E = Vault monster count
 F = Vault count percentage of total count
                 A         B        C        D         E       F
            +---------+---------+-------+---------+---------+-------
      Total |     269 |      55 |  17.0 |      83 |       3 |   3.5
            +---------+---------+-------+---------+---------+-------
        D:1 |      44 |       0 |   0.0 |      24 |       0 |   0.0
        D:2 |     110 |      55 |  33.3 |      30 |       3 |   9.1
        D:3 |      63 |       0 |   0.0 |      24 |       0 |   0.0
        D:4 |      52 |       0 |   0.0 |       5 |       0 |   0.0
            +---------+---------+-------+---------+---------+-------

Vault maps used:
D:1:      mrwooster_arrival_statue_2
D:2:      makhleb_grotto_becter, dk_noncrumbling_4, eino_tiny_chamber,
          kennysheep_generic_room_4
D:3:      first_ration
D:4:      uniq_sigmund

Table legend:
 A = Turns spent in this place as a percentage of turns spent in the entire game.
 B = Non-inter-level travel turns spent in this place as a percentage of non-inter-level travel turns spent in the entire game.
 C = Inter-level travel turns spent in this place as a percentage of turns spent in this place.
 D = Turns resting spent in this place as a percentage of non-inter-level travel turns spent in this place.
 E = Turns spent auto-exploring this place as a percentage of non-inter-level travel turns spent in this place.
 F = Non-inter-level travel turns spent in this place divided by the number of levels of this place that you've seen.
                   A       B       C       D       E      F
               +-------+-------+-------+-------+-------+----------------------
         Total | 100.0 | 100.0 |   5.2 |  18.6 |  62.6 | 913.5
       Dungeon | 100.0 | 100.0 |   5.2 |  18.6 |  62.6 | 913.5
               +-------+-------+-------+-------+-------+----------------------

Table legend:
 A = Kills in this place as a percentage of kills in entire the game.
 B = Kills by you in this place as a percentage of kills by you in the entire game.
 C = Kills by friends in this place as a percentage of kills by friends in the entire game.
 D = Other kills in this place as a percentage of other kills in the entire game.
 E = Experience gained in this place as a percentage of experience gained in the entire game.
 F = Experience gained in this place divided by the number of levels of this place that you have seen.
                   A       B       C       D       E      F
               +-------+-------+-------+-------+-------+----------------------
         Total | 100.0 | 100.0 |   N/A |   N/A | 100.0 |  81.0
       Dungeon | 100.0 | 100.0 |   N/A |   N/A | 100.0 |  81.0
               +-------+-------+-------+-------+-------+----------------------
